 Dungeon Crawl Stone Soup version 0.18.1-48-g4cf74bf (webtiles) character file.

118 icedwrath the Shield-Bearer (level 5, -4/41 HPs)
             Began as a Hill Orc Fighter on July 1, 2016.
             Killed by nerve-wracking pain
             ... invoked by Grinder
              (8 damage)
             ... on level 3 of the Dungeon.
             The game lasted 00:27:00 (1595 turns).

icedwrath the Shield-Bearer (Hill Orc Fighter)      Turns: 1595, Time: 00:27:01

Health: -4/41      AC:  7    Str: 25    XL:     5   Next: 2%
Magic:  5/5        EV: 13    Int:  8    God:
Gold:   130        SH: 11    Dex: 15    Spells: 0 memorised, 4 levels left

rFire  . . .     SeeInvis .     a - +1 war axe
rCold  . . .     Gourm    .     b - +0 scale mail
rNeg   . . .     Faith    .     c - +1 shield
rPois  .         Spirit   .     (no helmet)
rElec  .         Dismiss  .     (no cloak)
rCorr  .         Reflect  .     (no gloves)
SustAt .         Harm     .     (no boots)
MR     .....                    (no amulet)
Stlth  +.........               (no ring)
                                (no ring)

@: mighty, agile, not resistant to hostile enchantments, very unstealthy
A: blink, frail 1, mutation resistance 1
a: Blink


You were on level 3 of the Dungeon.
You were not hungry.

You visited 1 branch of the dungeon, and saw 3 of its levels.

You collected 130 gold pieces.

Inventory:

Hand Weapons
 a - a +1 war axe (weapon)
Armour
 b - a +0 scale mail (worn)
 c - a +1 shield (worn)
Scrolls
 p - 2 scrolls of identify
Potions
 k - 2 potions of flight
Books
 j - a book of Annihilations

   Spells                             Type                      Level
   a - Poison Arrow                   Conjuration/Poison           6
   b - Chain Lightning                Conjuration/Air              8
   c - Lehudib's Crystal Spear        Conjuration/Earth            8
   d - Glaciate                       Conjuration/Ice              9
   e - Fire Storm                     Conjuration/Fire             9
Comestibles
 f - 2 bread rations
 g - a royal jelly
 q - 2 fruits


   Skills:
 + Level 4.0 Fighting
 + Level 3.7 Axes
 + Level 4.0 Armour
 + Level 1.4 Dodging
 + Level 0.3 Stealth
 + Level 4.1 Shields


You had 4 spell levels left.
You didn't know any spells.

Dungeon Overview and Level Annotations

Branches:
Dungeon (3/15)

Altars:
Yredelemnul
The Shining One

Annotations:
D:3 Grinder


Innate Abilities, Weirdness & Mutations

You can translocate small distances at will.
You are frail (-10% HP).
You are somewhat resistant to further mutation.


Message History

You block Grinder's attack. Grinder hits you but does no damage.
You feel less exhausted. Grinder hits you but does no damage.
You feel less woody.
Your +0 scale mail unmelds from your body.
Grinder gestures at you.
You suddenly lose the ability to move!
Grinder blinks!
You can move again.
Read which item? (? for menu, Esc to quit)
As you read the scroll of teleportation, it crumbles to dust.
You feel strangely unstable.
Your surroundings suddenly seem different.
Grinder blinks!
Grinder barely misses you.
Grinder says, "Mostly I couldn't keep them alive."
Grinder gestures at you. Pain shoots through your body!
You die...

#......>.......).†......
#................#####..
#................# #..
#......[.........# #..
#................# #..
#................# #..
#...............## #..
##..............# #..
#...5.@........# #..
###..............#
#................# #
#...########.....#
#.####†..# ####.....###
##.....)†## #..........#
....?....# #.††.......#
.........# #..........#
.........+ #....(.....#


You could see Grinder.

Vanquished Creatures
  Ijyb (D:2)
  3 adders
  2 worms (D:3)
  A dart slug (D:1)
  3 orcs (D:3)
  3 giant cockroaches (D:1)
  6 goblins
  3 hobgoblins
  6 jackals
  7 kobolds
  2 ball pythons
  8 bats
  A giant newt (D:2)
  11 rats
57 creatures vanquished.

Notes
Turn   | Place    | Note
--------------------------------------------------------------
     0 | D:1      | icedwrath the Hill Orc Fighter began the quest for the Orb.
     0 | D:1      | Reached XP level 1. HP: 19/19 MP: 1/1
   206 | D:1      | Reached XP level 2. HP: 26/27 MP: 2/2
   649 | D:2      | Reached XP level 3. HP: 33/33 MP: 3/3
   883 | D:2      | Found a glowing golden altar of the Shining One.
   953 | D:2      | Noticed Ijyb
   967 | D:2      | Killed Ijyb
   967 | D:2      | Reached skill level 1 in Dodging
   967 | D:2      | Reached XP level 4. HP: 29/40 MP: 4/4
  1108 | D:2      | Found a basalt altar of Yredelemnul.
  1540 | D:3      | Noticed Grinder
  1544 | D:3      | Reached XP level 5. HP: 33/46 MP: 5/5
  1550 | D:3      | Paralysed by Grinder for 3 turns
  1554 | D:3      | Gained mutation: You are frail (-10% HP). [potion of mutation]
  1554 | D:3      | Gained mutation: You are somewhat resistant to further mutation. [potion of mutation]
  1554 | D:3      | Gained mutation: You can translocate small distances at will. [potion of mutation]
  1555 | D:3      | Paralysed by Grinder for 3 turns
  1557 | D:3      | HP: 2/41 [Grinder (1)]
  1585 | D:3      | Paralysed by Grinder for 2 turns
  1595 | D:3      | Killed from afar by Grinder

Skill      XL: |  1  2  3  4 |
---------------+-------------+-----
Axes           | 3 |  3.7
Dodging        | 1 |  1.4
Shields        | 4 |  4.1
Fighting       | 4 |  4.0
Armour         | 4 |  4.0
Stealth        | |  0.3

Action                   |  1- 3 |  4- 6 || total
-------------------------+-------+-------++-------
Melee: War axe           |    99 |    73 ||   172
  Use: Scroll            |     4 |     6 ||    10
       Potion            |       |     5 ||     5
  Eat: Meat ration       |       |     1 ||     1
       Beef jerky        |       |     1 ||     1
Armor: Scale mail        |    57 |    39 ||    96
       Skin              |       |     8 ||     8
Dodge: Dodged            |    43 |    32 ||    75
Block: Shield            |    64 |    47 ||   111
